 Dungeon Crawl Stone Soup version 0.28.0-45-g0d030f2227 (webtiles) character file.

Game seed: 15687780615934306427

10838 sanboga the Cleaver (level 11, -2/71 HPs)
             Began as a Gargoyle Fighter on Apr 5, 2022.
             Was a Believer of Trog.
             Slain by an orc warrior
             ... wielding a +0 glaive
              (11 damage)
             ... in a bailey.
             The game lasted 00:16:42 (12504 turns).

sanboga the Cleaver (Gargoyle Fighter)             Turns: 12504, Time: 00:16:43

Health: -2/71      AC: 25    Str: 30    XL:     11   Next: 68%
Magic:  0/11       EV:  6    Int:  9    God:    Trog [**....]
Gold:   629        SH:  9    Dex:  5    Spells: 10/10 levels left

rFire   . . .      SeeInvis .   a - +1 war axe (flame)
rCold   + . .      Faith    .   n - +0 kite shield
rNeg    + . .      Spirit   +   B - +0 plate armour
rPois   ∞          Reflect  .   m - +0 helmet
rElec   +          Harm     .   s - +0 cloak
rCorr   .          Rampage  .   (no gloves)
Will    .....                   (no boots)
Stlth   ..........              o - amulet of guardian spirit
HPRegen 0.21/turn               p - +6 ring of strength
MPRegen 0.12/turn               x - ring of protection from cold

@: mighty, on berserk cooldown, slowed, very slow
A: sickness immunity, AC +8, negative energy resistance 1, electricity
resistance, torment resistance 1, petrification resistance, clumsy 2
a: Renounce Religion, Berserk, Trog's Hand


You were in a bailey.
You worshipped Trog.
Trog was pleased with you.
You visited 2 branches of the dungeon, and saw 11 of its levels.
You also visited: Sewer and Bailey.

You collected 629 gold pieces.

Inventory:

Hand Weapons
 a - a +1 war axe of flaming (weapon)
 b - a +0 broad axe of draining
Armour
 m - a +0 helmet (worn)
 n - a +0 kite shield (worn)
 s - a +0 cloak (worn)
 B - a +0 plate armour (worn)
Jewellery
 o - an amulet of guardian spirit (around neck)
 p - a +6 ring of strength (left hand)
 t - a ring of fire
 x - a ring of protection from cold (right hand)
Wands
 g - a wand of polymorph (14)
 k - a wand of mindburst (12)
 w - a wand of flame (36)
Scrolls
 c - a scroll of identify
 d - a scroll of enchant armour
 f - 3 scrolls of silence
 i - a scroll of holy word
 l - a scroll of enchant weapon
 q - 3 scrolls of fear
 v - 2 scrolls of teleportation
 y - 5 scrolls of fog
Potions
 e - 2 potions of cancellation
 h - a potion of curing


   Skills:
 + Level 9.6 Fighting
 * Level 10.8 Axes
 + Level 9.5 Armour
 + Level 9.6 Shields


You had 10 spell levels left.
You didn't know any spells.
Your spell library contained the following spells:

 Spells                   Type           Power      Damage    Failure   Level
 Slow                     Hex            0%         N/A       100%        1
 Corpse Rot               Necr/Air       0%         N/A       100%        2
 Poisonous Vapours        Pois/Air       0%         N/A       100%        2
 Scorch                   Fire           0%         2d5       100%        2
 Confusing Touch          Hex            0%         N/A       100%        3
 Vampiric Draining        Necr           0%         2d6       100%        3
 Flame Wave               Conj/Fire      0%         2d4       100%        4
 Freezing Cloud           Conj/Ice/Air   0%         6-21      100%        5
 Simulacrum               Ice/Necr       0%         N/A       100%        6
 Summon Cactus Giant      Summ           0%         N/A       100%        6
 Polar Vortex             Ice            0%         N/A       100%        9


Dungeon Overview and Level Annotations

Branches:
Dungeon (10/15)            Temple (1/1) D:4            Lair (0/6) D:10
    Orc (0/2) D:9           Sewer (visited)          Bailey (1/1)

Altars:
Ashenzari
Cheibriados
Dithmenos
Elyvilon
Fedhas
Gozag
Hepliaklqana
Kikubaaqudgha
Makhleb
Nemelex Xobeh
Okawaru
Qazlal
Ru
Sif Muna
Trog
Uskayaw
Vehumet
Wu Jian
Xom
Yredelemnul
Zin
The Shining One

Shops:
D:4 *


Innate Abilities, Weirdness & Mutations

You are immune to sickness and miasma.
Your stone body is resilient. (AC +8)
You are immune to poison.
You resist negative energy. (rN+)
You are resistant to electric shocks. (rElec)
You are resistant to unholy torment.
You are immune to petrification.
You are very clumsy. (Dex -4)


Message History

Trog accepts your kill.
You slash the orc knight! You burn the orc knight. You slash the orc knight!
You burn the orc knight.
The orc knight is severely wounded.
You block the orc warrior's attack.
The orc knight hits you but does no damage.
You hit the orc knight. You burn the orc knight.
The orc knight is almost dead.
You block the orc warrior's attack.
The orc knight hits you but does no damage.
You hit the orc knight. You burn the orc knight.
The orc knight is almost dead.
The orc warrior no longer looks unusually strong.
You block the orc knight's attack. You block the orc warrior's attack.
You barely miss the orc knight.
The orc knight is almost dead.
You hit the orc knight. You burn the orc knight.
You kill the orc knight!
Trog accepts your kill.
The orc warrior hits you from afar with a +0 glaive!
* * * LOW HITPOINT WARNING * * *
The orc warrior barely misses you.
Things that are here:
a +0 halberd; a +0 chain mail; an orc corpse You barely miss the orc warrior.
You are no longer berserk.
You are exhausted.
You feel yourself slow down.
You miss the orc warrior. The orc warrior barely misses you.
The orc warrior hits you with a +0 glaive.
* * * LOW HITPOINT WARNING * * *
You feel much better.
The orc warrior cheers loudly.
The orc warrior barely misses you.
You hit the orc warrior. You burn the orc warrior.
The orc warrior is moderately wounded.
The orc warrior hits you with a +0 glaive!
* * * LOW HITPOINT WARNING * * *
The orc warrior hits you with a +0 glaive!
You die...

######.)≈≈..###..≈≈..##########
.......≈)..## ##..≈≈..........#
≈≈)≈≈≈≈≈..##.∩.##..≈≈≈≈≈≈≈≈≈≈.#
....)))..##.....##......)...≈.#
#############+###'#########.≈.#
## .......§.## ##)≈.# .##
.§≈≈≈≈≈≈.§## ##.)≈.# ..##
≈≈.....≈≈).## ##..)≈.# ≈..#
...⌠∩⌠o@....#'#..≈≈.∩# ≈..#
§...⌠..)≈≈..#'#..≈≈.## ..##.##
≈≈§§..§≈≈..##.##..)≈.# .##.$.#
.§≈§.≈§≈..##...##..≈.# ##.$$$.#
.§.§.....#+.....##.≈.#
#############+#############.≈.#
.........## ##.....)....≈.#
≈≈≈≈≈≈≈≈..## ##..)≈≈≈≈≈≈≈≈≈.#
.......≈≈..## ##).≈≈..........#


You could see an orc warrior.

Vanquished Creatures
  2 two-headed ogres
  A tengu warrior (D:9)
  The ghost of ChongLi the Fighter, a novice DjWz of Cheibriados (D:8)
  Pikel (D:7)
  An orc knight (Bailey)
  An unseen horror (D:8)
  2 trolls (D:9)
  3 slime creatures
  2 shadows
  A yak (D:8)
  2 wyverns (D:9)
  2 steam dragons (D:8)
  2 water moccasins (D:4)
  A swamp drake (D:9)
  12 orc warriors
  An ice beast (D:7)
  2 black bears
  2 sky beasts
  2 centaurs (D:8)
  4 ogres
  2 lemures (D:7)
  3 phantoms
  A kobold brigand (D:9)
  6 bullfrogs
  2 gnoll sergeants
  A scorpion (D:6)
  A water moccasin skeleton (D:4)
  3 killer bees (D:10)
  7 wights
  6 howler monkeys
  5 centaur zombies
  A bullfrog zombie (D:5)
  5 hounds
  4 jellies (Sewer)
  A bullfrog skeleton (D:6)
  A centaur skeleton (D:5)
  5 orc priests
  14 orc wizards
  A howler monkey zombie (D:9)
  A howler monkey skeleton (D:6)
  9 adders
  10 gnolls
  5 river rats
  2 shadow imps
  A white imp (D:7)
  A worm (D:2)
  3 dart slugs
  47 orcs
  3 bats
  14 endoplasms
  7 giant cockroaches
  7 goblins
  14 hobgoblins
  6 jackals (D:2)
  3 quokkas
  16 ball pythons
  8 frilled lizards
  16 kobolds
  A quokka skeleton (D:3)
  11 rats
299 creatures vanquished.

Notes
Turn   | Place    | Note
-------+----------+-------------------------------------------
     0 | D:1      | sanboga the Gargoyle Fighter began the quest for the Orb.
     0 | D:1      | Reached XP level 1. HP: 14/14 MP: 1/1
    90 | D:1      | Reached skill level 2 in Axes
    90 | D:1      | Reached XP level 2. HP: 3/19 MP: 2/2
   571 | D:1      | Reached XP level 3. HP: 20/23 MP: 3/3
  1378 | D:2      | Reached XP level 4. HP: 24/29 MP: 4/4
  1499 | D:2      | Found a faded altar of an unknown god.
  2027 | D:3      | Reached skill level 3 in Axes
  2153 | D:3      | Reached XP level 5. HP: 29/33 MP: 5/5
  2991 | D:4      | Noticed a phantom
  3002 | D:4      | Killed a phantom
  3003 | D:4      | Reached XP level 6. HP: 29/39 MP: 6/6
  3122 | D:4      | Found a staircase to the Ecumenical Temple.
  3136 | D:4      | Found a glowing drain.
  3158 | Sewer    | Entered a sewer
  3204 | Sewer    | Reached skill level 4 in Axes
  3480 | Sewer    | Found a shimmering altar of Xom.
  3485 | Sewer    | Reached XP level 7. HP: 34/44 MP: 7/7
  3762 | D:4      | Reached skill level 5 in Armour
  3763 | D:4      | Reached skill level 5 in Fighting
  4005 | D:4      | Found an opulent altar of Gozag.
  4044 | D:4      | Reached skill level 5 in Axes
  4044 | D:4      | Reached skill level 5 in Shields
  4089 | D:4      | Found a stormy altar of Qazlal.
  4137 | D:4      | Found Erororhi's Serpentskin Sales.
  4151 | D:4      | Reached XP level 8. HP: 12/50 MP: 8/8
  4577 | D:5      | Entered Level 5 of the Dungeon
  4898 | D:5      | Reached skill level 6 in Axes
  4907 | D:5      | Noticed a two-headed ogre
  4968 | D:5      | Gained mutation: You are clumsy. (Dex -2) [potion of
                  | mutation]
  4968 | D:5      | Gained mutation: You are very clumsy. (Dex -4) [potion of
                  | mutation]
  4976 | D:5      | Killed a two-headed ogre
  4977 | D:5      | Reached XP level 9. HP: 5/56 MP: 9/9
  5276 | D:5      | Reached skill level 7 in Axes
  5721 | D:5      | Found an iron altar of Okawaru.
  6847 | D:6      | Reached skill level 8 in Axes
  7258 | D:7      | Reached XP level 10. HP: 60/63 MP: 10/10
  7604 | D:7      | Noticed Pikel
  7623 | D:7      | Killed Pikel
  7953 | D:8      | Killed an unseen horror
  8265 | D:8      | Reached skill level 9 in Axes
  8347 | D:8      | Found a runed translucent gate.
  8348 | D:8      | Found a runed translucent gate.
  8349 | D:8      | Found a runed translucent gate.
  8352 | D:8      | Noticed ChongLi's ghost (novice DjWz)
  8495 | D:8      | Found a shadowy altar of Dithmenos.
  8496 | D:8      | Found a glowing golden altar of the Shining One.
  8496 | D:8      | Found a burning altar of Makhleb.
  9116 | D:8      | Killed ChongLi's ghost
  9343 | D:9      | Noticed a two-headed ogre
  9448 | Temple   | Entered the Ecumenical Temple
  9718 | Temple   | Became a worshipper of Trog the Wrathful
 10055 | D:9      | Killed a two-headed ogre
 10056 | D:9      | Reached XP level 11. HP: 48/69 MP: 11/11
 10429 | D:9      | Noticed a tengu warrior
 10461 | D:9      | Killed a tengu warrior
 10462 | D:9      | Reached skill level 10 in Axes
 10892 | D:9      | Found a shimmering blue altar of Sif Muna.
 11233 | D:9      | Reached * piety under Trog
 11333 | D:9      | Found a sacrificial altar of Ru.
 11575 | D:9      | Found a staircase to the Orcish Mines.
 11695 | D:9      | Identified the -1 buckler of the Catamount {Str+2 Stlth+}
 12085 | D:10     | Entered Level 10 of the Dungeon
 12131 | D:10     | Reached ** piety under Trog
 12137 | D:10     | Found a flagged portal.
 12149 | Bailey   | Entered a bailey
 12476 | Bailey   | Noticed an orc knight
 12499 | Bailey   | Killed an orc knight
 12499 | Bailey   | HP: 3/106 [orc warrior/+0 glaive (6)]
 12502 | Bailey   | HP: 1/71 [orc warrior/+0 glaive (2)]
 12504 | Bailey   | Slain by an orc warrior

Illustrated notes

Levels and vault maps discovered:
D:1:      nzn_arrival_depleted_hourglass, layout_basic, minivault_24
D:2:      layout_basic, ebering_ecumenical_altar_mist
D:3:      layout_loops_ring, minmay_quantized
D:4:      nicolae_cairo_tiling_very_big, layout_rooms,
          mainiacjoe_overflow_alcove_1, marbit_many_paths,
          minmay_temple_entry_butterflies, portal_sewer_entry_b, minivault_1,
          guppyfry_shop_venom
D:5:      layout_rooms, okawaru_altar_gauntlet_db
D:6:      layout_basic
D:7:      layout_loops_ring, dk_noncrumbling_2, uniq_pikel
D:8:      layout_basic, grunt_temple_overflow_open, gammafunk_ghost_split,
          amcnicky_mini_corridor_feature, bh_walls_and_bars
D:9:      hangedman_cross_stitches, layout_loops_ring, nicolae_ru_path_of_blood,
          overflow_temple_1_default, erik_orc_1
D:10:     layout_irregular_city, dpeg_lair_monsters, enter_bailey_2,
          lemuel_flamethrower_2, uniq_nergalle, uniq_erica
Temple:   minmay_temple_curvy_branch
Bailey:   bailey_polearm_1, bailey

Skill      XL: |  1  2  3  4  5  6  7  8  9 10 11 |
---------------+----------------------------------+-----
Axes           | 2 3 4 5 6 8 9 10 | 10.8
Armour         | 4 5 6 7 8 9 |  9.5
Fighting       | 4 5 6 7 8 9 |  9.6
Shields        | 4 5 6 7 8 9 |  9.6

Action                   |  1- 3 |  4- 6 |  7- 9 | 10-12 || total
-------------------------+-------+-------+-------+-------++-------
Melee: War axe           |   117 |   187 |   263 |   384 ||   951
Invok: Berserk           |       |       |       |     1 ||     1
Evoke: Wand              |       |       |     1 |     2 ||     3
  Use: Scroll            |       |     1 |    14 |     4 ||    19
       Potion            |       |       |     8 |     8 ||    16
Armor: Scale mail        |    73 |    54 |       |       ||   127
       Chain mail        |       |    62 |   190 |       ||   252
       Plate armour      |       |       |    12 |   354 ||   366
Dodge: Dodged            |    63 |    96 |   132 |   117 ||   408
Block: Buckler           |    36 |    44 |    67 |    45 ||   192
       Kite shield       |       |       |       |   140 ||   140
